 Dungeon Crawl Stone Soup version 0.28-a0-1444-g6c55d0bc0c (webtiles) character file.

Game seed: 287593259994973753

21 Essalna the Sneak (level 3, 0/30 HPs)
             Began as a Djinni Delver on Jan 10, 2022.
             Slain by a gnoll (7 damage)
             ... on level 4 of the Dungeon.
             The game lasted 00:01:40 (515 turns).

Essalna the Sneak (Djinni Delver)                    Turns: 515, Time: 00:01:40

Health: 0/30       AC:  3    Str: 11    XL:     3   Next: 2%
Gold:   12         EV: 12    Int: 13    God:
                   SH:  0    Dex: 14

rFire   + + .      SeeInvis .   a - +0 falchion
rCold   x . .      Faith    .   (no shield)
rNeg    . . .      Spirit   .   b - +0 leather armour
rPois   ∞          Reflect  .   (no helmet)
rElec   .          Harm     .   (no cloak)
rCorr   .          Rampage  .   (no gloves)
Will    .....                   (boots unavailable)
Stlth   ++........              (no amulet)
HPRegen 0.10/turn               (no ring)
MPRegen 0.00/turn               (no ring)

@: flying
A: sickness immunity, fire resistance 2, cold vulnerability 1, float, innate
caster, hp casting, extra vitality 1
a: no special abilities


You were on level 4 of the Dungeon.
You visited 1 branch of the dungeon, and saw 2 of its levels.

You collected 12 gold pieces.

Inventory:

Hand Weapons
 a - a +0 falchion (weapon)
Armour
 b - a +0 leather armour (worn)
Wands
 g - a wand of digging (3)
Scrolls
 c - a scroll of fog
 d - a scroll of magic mapping
 e - a scroll of fear
 h - a scroll of amnesia {unknown}
Potions
 f - a potion of haste


   Skills:
 - Level 3.0 Fighting
 - Level 1.7 Long Blades
 - Level 2.1 Dodging
 - Level 4.1 Stealth
 + Level 1.7 Spellcasting


You had 4 spell levels left.
You knew the following spells:

 Your Spells              Type           Power      Damage    Failure   Level
a - Summon Small Mammal   Summ           20%        N/A       17%         1
Your spell library was empty.

Dungeon Overview and Level Annotations

Branches:
Dungeon (5/15)
 Temple: D:4-7

Altars:


Innate Abilities, Weirdness & Mutations

You are immune to sickness and miasma.
You are immune to poison.
Your flesh is very heat resistant. (rF++)
You are vulnerable to cold. (rC-)
You float through the air rather than walking.
You learn spells naturally, not from books.
Your magical power is your life essence.
You have superior vitality. (+4 MHP)


Message History

Press: ? - help, Dir - move target, f - gnoll
Aim: a gnoll, wielding a +0 spear (lightly wounded, ally target) Attack!
Your bat closely misses the gnoll.
Your bat hits the gnoll but does no damage.
The gnoll hits you from afar with a +0 spear.
Your rat bites the gnoll but does no damage.
The gnoll barely misses you.
Your rat closely misses the gnoll.
Things that are here:
a +0 spear; a gnoll corpse You closely miss the gnoll.
The gnoll is lightly wounded.
Your bat barely misses the gnoll.
Your bat misses the gnoll. The gnoll hits you with a +0 spear.
Your rat barely misses the gnoll.
You closely miss the gnoll.
The gnoll is lightly wounded.
Your bat hits the gnoll but does no damage.
The gnoll hits you with a +0 spear.
Your rat bites the gnoll.
Your bat hits the gnoll. The gnoll hits your bat with a +0 whip!
Your bat dies!
Your bat's corpse disappears in a puff of smoke!
You completely miss the gnoll.
The gnoll is moderately wounded.
The gnoll barely misses you.
Your rat bites the gnoll.
You barely miss the gnoll.
The gnoll is heavily wounded.
The gnoll barely misses you.
Your rat closely misses the gnoll.
The gnoll hits you with a +0 spear!
* * * LOW HITPOINT WARNING * * *
Your rat barely misses the gnoll.
The gnoll barely misses you.
There is an open door here.
Your rat barely misses the gnoll.
Your rat bites the gnoll.
The gnoll closely misses your rat.
Your rat bites the gnoll.
The gnoll hits your rat with a +0 spear!
Your rat dies!
Your rat's corpse disappears in a puff of smoke!
The gnoll shouts!
There is a stone staircase leading down here.
The gnoll hits you with a +0 whip!
You die...

#....# #....# #....#
g..####(...####################
.........))'.........>g.......#
...####....###############.####
###### #....g....##.#
#g#######.##.# #@# #.##.# #.#
#.##.# #.# #g##g# #.# #.##.#
#.# #.##.# #.# #.##.# #.#
#.##.# #.# #....# #.# ######


You could see a gnoll.

Vanquished Creatures
  2 gnolls (D:4)
  An orc (D:4)
3 creatures vanquished.

Notes
Turn   | Place    | Note
-------+----------+-------------------------------------------
     0 | D:5      | Essalna the Djinni Delver began the quest for the Orb.
     0 | D:5      | Reached XP level 1. HP: 20/20 MP: 0/0
     9 | D:5      | Noticed an ogre
   158 | D:4      | Noticed a kobold brigand
   267 | D:4      | Reached skill level 1 in Spellcasting
   267 | D:4      | Reached XP level 2. HP: 12/25 MP: 0/0
   459 | D:4      | Reached XP level 3. HP: 20/30 MP: 0/0
   459 | D:4      | Learned a level 1 spell: Summon Small Mammal
   515 | D:4      | Slain by a gnoll

Illustrated notes

Levels and vault maps discovered:
D:4:      layout_basic, minmay_temple_entry_waves
D:5:      layout_cave_pods, mainiacjoe_overflow_surrounded_room,
          serial_column_ruins, column_ruins_square_huge, column_ruins_open_tiny,
          column_ruins_open_tiny, column_ruins_grid_3,
          column_ruins_columns_water

Skill      XL: |  1 |
---------------+----+-----
Spellcasting   | 1 |  1.7
Fighting       | |  3.0
Long Blades    | |  1.7
Dodging        | |  2.1
Stealth        | |  4.1

Action                   || total
-------------------------++-------
Melee: Falchion          ||    24
 Cast: Summon Small Mamm ||     3
Dodge: Dodged            ||    19

Table legend: (Time is in decaauts)
 A = Elapsed time spent in this place.
 B = Non-inter-level travel time spent in this place.
 C = Inter-level travel time spent in this place.
 D = Time resting spent in this place.
 E = Time spent auto-exploring this place.
 F = Levels seen in this place.
 G = Mean time per level.
                   A        B        C        D        E       F      G
               +--------+--------+--------+--------+--------+-----+--------+
         Total |    520 |    438 |     82 |      0 |    293 |   2 |  260.0 |
       Dungeon |    520 |    438 |     82 |      0 |    293 |   2 |  260.0 |
               +--------+--------+--------+--------+--------+-----+--------+

Top non-repeatable levels by time:
     D:4: 504 daAuts
     D:5: 16 daAuts
